cohdb
Replays
Latest Replays
All Replays
Popular Replays
Top Player Replays
Match Explorer
How It Works
Community
CoH3 Stats
Reddit
Sign in to upload your games and track your stats! →
Sign in with Steam
Match 39600418
Unlisted
Match 39600418
Overview
Messages
Build Orders
End
Kettenkrad Recon Vehicle
Construct Infanterie Kompanie
MG 42 Machine Gun Team
Grenadier Squad
Grenadier Squad
Construct Panzergrenadier Kompanie
Panzergrenadier Squad
Support Elements
Nebelwerfer 42 Rocket Launcher Team
Medical Bunker
Pak 40 Anti-tank Gun Team
MG 42 Machine Gun Team
Selects Terror Battlegroup
Selects Machine Gun Camouflage
Selects Defend the Fatherland
Construct Panzer Kompanie
Pak 40 Anti-tank Gun Team
Stoßtruppen Squad
Panzer IV Medium Tank
Panzer IV Medium Tank
Panzer IV Medium Tank
Side Skirts
Pioneer Squad
Pioneer Squad
Selects King Tiger Heavy Tank
Panzer IV Medium Tank
Panzer IV Medium Tank
Selects Interrogate
Panzer Officer Quarters
Panzer IV Medium Tank
Selects Propaganda Leaflet Drop
NaClO
Nuclear Viking
Polaris
Bismarck
[EPIC]SAGEKING
Bulls 4 Palestine!
0
0
Comments
sign in to comment!
No comments posted yet!